 Dungeon Crawl Stone Soup version 0.25-a0-632-g7713895373 (webtiles) character file.

Game seed: 17088340914901606619, levelgen mode: deterministic

6367 Amnesiac the Cleaver (level 10, 0/81 HPs)
             Began as a Deep Dwarf Fighter on Mar 19, 2020.
             Was a High Priest of Makhleb.
             Killed by divine providence
             ... invoked by an orc priest
              (11 damage)
             ... on level 9 of the Dungeon.
             The game lasted 00:13:37 (7480 turns).

Amnesiac the Cleaver (Deep Dwarf Fighter)           Turns: 7480, Time: 00:13:38

Health: 0/81       AC: 11    Str: 27    XL:     10   Next: 65%
Magic:  15/15      EV:  4    Int:  9    God:    Makhleb [*****.]
Gold:   368        SH: 15    Dex: 12    Spells: 9/9 levels left

rFire    . . .     SeeInvis +   a - +1 war axe
rCold    . . .     Gourm    .   h - +0 tower shield
rNeg     . . .     Faith    .   o - +0 plate armour
rPois    .         Spirit   .   (no helmet)
rElec    .         Reflect  .   (no cloak)
rCorr    .         Harm     .   (no gloves)
MR       +....                  (no boots)
Stlth    ..........             c - amulet of rage
HPRegen  0.00/turn              b - ring of see invisible
MPRegen  0.14/turn              v - +4 ring of strength

@: non-regenerating
A: damage resistance, heal wounds, sense surroundings 2, no regeneration
a: Heal Wounds, Minor Destruction, Lesser Servant of Makhleb, Major Destruction,
Greater Servant of Makhleb, Renounce Religion, Evoke Berserk Rage


You were on level 9 of the Dungeon.
You worshipped Makhleb.
Makhleb was extremely pleased with you.
You were not hungry.

You visited 2 branches of the dungeon, and saw 10 of its levels.

You collected 368 gold pieces.

Inventory:

Hand Weapons
 a - a +1 war axe (weapon)
 A - a +3 morningstar
Missiles
 g - 18 poisoned darts (quivered)
Armour
 h - a +0 tower shield (worn)
 o - a +0 plate armour (worn)
Jewellery
 b - a ring of see invisible (left hand)
 c - an amulet of rage (around neck)
 v - a +4 ring of strength (right hand)
 F - an uncursed ring of resist corrosion {unknown}
Wands
 j - a wand of flame (22)
 s - a wand of digging (2)
 y - a wand of iceblast (6)
 C - a wand of enslavement (10)
Scrolls
 e - 2 scrolls of teleportation {!r}
 k - 5 scrolls of fog {!r}
 l - 6 scrolls of enchant weapon {!r}
 m - 7 scrolls of remove curse {!r}
 p - 2 scrolls of magic mapping {!r}
 r - 3 scrolls of enchant armour {!r}
 t - a scroll of identify {!r}
 x - a scroll of blinking {!r, unknown}
 B - a scroll of vulnerability {!r, unknown}
Potions
 d - 2 potions of might {!q}
 n - a potion of lignification {!q, unknown}
 u - 3 potions of flight {!q, unknown}
 w - a potion of stabbing {!q, unknown}
 z - 2 potions of brilliance {!q, unknown}
 E - a potion of invisibility {!q, unknown}
Comestibles
 f - 14 rations
 i - 9 chunks of flesh


   Skills:
 - Level 2.6 Fighting
 * Level 14.0 Axes
 - Level 3.2 Armour
 - Level 3.2 Dodging
 - Level 3.2 Shields
 - Level 8.1 Invocations
 - Level 8.1 Evocations


You had 9 spell levels left.
You didn't know any spells.
Your spell library contained the following spells:

 Spells                   Type           Power        Failure   Level  Hunger
 Foxfire                  Conj/Fire      #...         100%        1    ##.....
 Conjure Flame            Conj/Fire      #.......     100%        3    ####...
 Inner Flame              Hex/Fire       #.......     100%        3    ####...
 Sticky Flame             Conj/Fire      #.......     100%        4    #####..
 Fireball                 Conj/Fire      #.........   100%        5    ######.


Dungeon Overview and Level Annotations

Branches:
Dungeon (9/15)             Temple (1/1) D:4            Lair (0/6) D:8
    Orc: D:9-12

Altars:
Ashenzari
Cheibriados
Dithmenos
Elyvilon
Fedhas
Gozag
Hepliaklqana
Kikubaaqudgha
Makhleb
Nemelex Xobeh
Okawaru
Qazlal
Ru
Sif Muna
Trog
Uskayaw
Vehumet
Wu Jian
Xom
Yredelemnul
Zin
The Shining One

Shops:
D:6 [   D:8 }


Innate Abilities, Weirdness & Mutations

You are resistant to damage.
You can heal yourself by infusing magical energy.
You passively map the area around you.
You do not regenerate.


Message History

Found a stone staircase leading up.
Found a chain mail.
A hound, a hippogriff and 3 orcs come into view.
The hippogriff screeches!
The orc warrior shouts!
The orc shouts!
The orc priest shouts!
The hound barks!
An adder comes into view.
An orc comes into view. It is wielding a -3 short sword.
Found a scroll labeled VUIF BEIGH and a sedimented blue potion.
There are monsters nearby!
There are monsters nearby!
Press: ? - help, Shift-Dir - straight line, f - hound
Aim: a hound The stone arrow hits the hound.
The hound is moderately wounded.
Press: ? - help, Shift-Dir - straight line, f/p - hound
Aim: a hound (moderately wounded)
The zap misses the hound.
The zap hits the orc.
The orc is heavily wounded.
Press: ? - help, Shift-Dir - straight line, f/p - hound
Aim: a hound (moderately wounded)
The glob of acid hits the hound.
The hound is splashed with acid.
The acid corrodes the hound!
The hound is almost dead.
The hound is splashed with acid.
You kill the hound!
Makhleb accepts your kill.
Your Axes skill increases to level 14!
Press: ? - help, Shift-Dir - straight line, f - orc
Aim: an orc, wielding a +0 whip and wearing a +0 scale mail (heavily wounded)
The orc writhes in agony.
You kill the orc!
Makhleb accepts your kill.
You feel better.
Press: ? - help, Shift-Dir - straight line, f - hippogriff
Aim: a hippogriff The puff of flame hits the hippogriff.
The hippogriff is lightly wounded.
Press: ? - help, Shift-Dir - straight line, f/p - hippogriff
Aim: a hippogriff (lightly wounded)
The puff of flame hits the hippogriff!
The hippogriff is moderately wounded.
The orc priest mumbles some strange prayers to Beogh against you.
Beogh smites you!
* * * LOW HITPOINT WARNING * * *
Press: ? - help, Shift-Dir - straight line, f/p - hippogriff
Aim: a hippogriff (moderately wounded)
The glob of acid hits the hippogriff!
The hippogriff is splashed with acid.
The acid corrodes the hippogriff!
The hippogriff is heavily wounded.
The hippogriff is splashed with acid.
The hippogriff seems to be corroded for longer.
The hippogriff bites you but does no damage.
You block the hippogriff's attack. x2
Press: ? - help, Shift-Dir - straight line, f/p - hippogriff
Aim: a hippogriff (severely wounded, covered in acid)
The zap hits the hippogriff.
The hippogriff is severely wounded.
The zap hits the orc warrior.
The orc warrior is lightly wounded.
The hippogriff bites you but does no damage.
You block the hippogriff's attack. The hippogriff barely misses you.
The orc priest invokes the aid of Beogh against you.
Beogh smites you!
You die...

*,
S..h.....##..oo
.. , * ,
.H.?...[...o.#
#.# * , * * *
#.##* ,..## *
#.o######... * *
##.).##..<####**
* ###†##......#*
#.o...# , * *
########o## ** ,,
#...@.Ho.###### *
* #.######......#
* *, * #.#
#.####..., * * ,
* * #.# #)# , ,
...#####)# *
######.,,..##..#
*, , . ....#..
#.##)## * ,
...##...####.#..#
#.............###


You could see a hippogriff, an orc warrior and an orc priest.

Vanquished Creatures
  A cyclops (D:8)
  Joseph (D:8)
  2 hippogriffs (D:7)
  Prince Ribbit (D:8)
  A spriggan (D:7)
  A yak (D:8)
  2 hungry ghosts
  Menkaure (D:4)
  A sky beast (D:6)
  2 porcupines (D:8)
  2 orc warriors (D:8)
  3 black bears
  2 ice beasts
  A necrophage (D:7)
  An ogre (D:5)
  A centaur (D:7)
  A crocodile (D:8)
  A big kobold (D:7)
  5 bullfrogs (D:8)
  4 wyvern skeletons
  A water moccasin skeleton (D:6)
  3 scorpions
  4 wights (D:7)
  6 howler monkeys (D:8)
  3 centaur zombies (D:6)
  8 crimson imps
  3 bullfrog zombies
  8 orc priests
  3 hounds
  5 bullfrog skeletons
  2 centaur skeletons
  An iguana (D:6)
  6 orc wizards
  9 worker ants
  9 hound skeletons
  A howler monkey zombie (D:6)
  2 worker ant zombies (D:6)
  12 gnolls
  3 howler monkey skeletons
  13 adders
  3 shadow imps
  2 oozes
  An adder zombie (D:6)
  An adder skeleton (D:6)
  5 worms
  7 leopard geckos
  36 orcs
  A ball python (D:6)
  4 bats
  8 giant cockroaches
  10 goblins
  8 hobgoblins
  A jackal (D:4)
  14 kobolds
  7 quokkas
  A ball python skeleton (D:6)
  8 frilled lizards
  3 jackal skeletons
  A leopard gecko zombie (D:6)
  A quokka skeleton (D:5)
  2 quokka zombies
  8 rats
  6 fungi (D:8)
  4 plants (D:8)
278 creatures vanquished.

Vanquished Creatures (collateral kills)
  A phantom (D:8)
  A crimson imp (D:8)
2 creatures vanquished.

Vanquished Creatures (others)
  A human (D:5)
  7 fungi (D:8)
  A plant (D:8)
9 creatures vanquished.

Grand Total: 289 creatures vanquished

Notes
Turn   | Place    | Note
-------+----------+-------------------------------------------
     0 | D:1      | Amnesiac the Deep Dwarf Fighter began the quest for the
                  | Orb.
     0 | D:1      | Reached XP level 1. HP: 20/20 MP: 1/1
   199 | D:1      | Reached XP level 2. HP: 27/27 MP: 2/2
   203 | D:1      | Reached skill level 1 in Dodging
   251 | D:1      | Reached skill level 3 in Axes
   694 | D:1      | Reached XP level 3. HP: 33/33 MP: 3/3
  1075 | D:2      | Found a hide-covered altar of Uskayaw.
  1076 | D:2      | Found an opulent altar of Gozag.
  1518 | D:2      | Found an ancient bone altar of Kikubaaqudgha.
  1828 | D:3      | Found a glowing golden altar of the Shining One.
  1865 | D:3      | Reached skill level 4 in Axes
  1924 | D:3      | Reached XP level 4. HP: 7/40 MP: 4/4
  2413 | D:3      | Reached XP level 5. HP: 34/46 MP: 5/5
  2703 | D:3      | Reached skill level 5 in Axes
  3130 | D:4      | Noticed Menkaure
  3142 | D:4      | Killed Menkaure
  3142 | D:4      | Reached skill level 6 in Axes
  3142 | D:4      | Reached XP level 6. HP: 48/55 MP: 6/6
  3175 | D:4      | Found a staircase to the Ecumenical Temple.
  3184 | Temple   | Entered the Ecumenical Temple
  3261 | Temple   | Became a worshipper of Makhleb the Destroyer
  3366 | D:4      | Reached skill level 1 in Invocations
  3366 | D:4      | Reached skill level 1 in Evocations
  3589 | D:4      | Reached skill level 7 in Axes
  3624 | D:4      | Reached XP level 7. HP: 30/61 MP: 8/8
  3715 | D:4      | Found a basalt altar of Yredelemnul.
  3720 | D:4      | Found a glowing golden altar of the Shining One.
  3722 | D:4      | Noticed an angel
  3844 | D:4      | Found a bloodstained altar of Trog.
  3913 | D:5      | Entered Level 5 of the Dungeon
  4018 | D:5      | Reached * piety under Makhleb
  4133 | D:5      | Found an ancient bone altar of Kikubaaqudgha.
  4144 | D:5      | Noticed a human
  4145 | D:5      | Killed a human
  4258 | D:5      | Reached skill level 8 in Axes
  4299 | D:5      | Found a sparkling altar of Nemelex Xobeh.
  4605 | D:5      | Found a glowing silver altar of Zin.
  4795 | D:6      | Reached XP level 8. HP: 29/68 MP: 8/10
  4874 | D:6      | Reached skill level 9 in Axes
  4884 | D:6      | Reached skill level 5 in Invocations
  4884 | D:6      | Reached skill level 5 in Evocations
  4894 | D:6      | Reached ** piety under Makhleb
  5035 | D:6      | Found a shadowy altar of Dithmenos.
  5156 | D:6      | Found Ijyuv's Antique Armour Boutique.
  5250 | D:6      | Reached skill level 10 in Axes
  5250 | D:6      | Gained mutation: You passively map the area around you.
                  | [Deep Dwarf growth]
  5250 | D:6      | Reached XP level 9. HP: 74/74 MP: 12/12
  5390 | D:6      | Found a snail-covered altar of Cheibriados.
  5390 | D:6      | Found a shattered altar of Ashenzari.
  5494 | D:7      | Reached *** piety under Makhleb
  5780 | D:7      | Found a shimmering blue altar of Sif Muna.
  5868 | D:7      | Reached skill level 11 in Axes
  6353 | D:8      | Reached **** piety under Makhleb
  6364 | D:8      | Reached XP level 10. HP: 47/81 MP: 15/15
  6368 | D:8      | Found a staircase to the Lair.
  6389 | D:8      | Reached skill level 12 in Axes
  6525 | D:8      | Found a shimmering blue altar of Sif Muna.
  6600 | D:8      | Noticed Prince Ribbit
  6789 | D:8      | Killed Prince Ribbit
  6810 | D:8      | Noticed a cyclops
  6862 | D:8      | Killed a cyclops
  6862 | D:8      | Reached skill level 13 in Axes
  6913 | D:8      | Noticed Joseph
  6941 | D:8      | Killed Joseph
  7392 | D:8      | Found Peke's Gadget Boutique.
  7426 | D:9      | Reached ***** piety under Makhleb
  7469 | D:9      | Reached skill level 14 in Axes
  7480 | D:9      | Killed from afar by an orc priest

Levels and vault maps discovered:
D:1:      noname_arrival_rooms_in_the_neighbourhood, layout_basic,
          serial_bayou_pond_d, minmay_liquid_box
D:2:      layout_basic, gammafunk_temple_overflow_pools,
          nicolae_overflow_hidden_temple
D:3:      layout_basic, serial_co_window_serial, co_window_paths_a,
          co_window_paths_b, co_window_paths_a, co_window_paths_a,
          co_window_corner_a, co_window_cross_3, co_window_cross_3,
          co_window_corner_b, co_window_corner_ca, co_window_cross_2, tso_altar
D:4:      minmay_evil_eye, layout_loops_ring, grunt_temple_overflow_holy_war,
          lightli_temple_of_fire, minmay_temple_entry_junction, uniq_menkaure
D:5:      layout_basic, zin_scriptorium, basic_altar, first_ration,
          tgw_kikubaaqudgha
D:6:      layout_rooms, grunt_dithmenos_shadows, gammafunk_temple_overflow_wave,
          serial_undead, serial_undead_b, serial_undead_e, serial_undead_f,
          serial_undead_b, serial_undead_f, serial_undead_a, serial_undead_d,
          serial_undead_c, serial_undead_d, serial_undead_f, serial_shops,
          nicolae_shop_stone, minmay_fractal_squares_diagonal_5
D:7:      layout_basic, basic_altar, the_bakery
D:8:      layout_gridville, lemuel_doored_altar, due_lair_maze_entry_diamond,
          serial_shops, kennysheep_mini_moat, st_stairs_11,
          kennysheep_just_a_vault, uniq_joseph, uniq_prince_ribbit1
D:9:      layout_rooms, nicolae_overflow_crystal_walls, basic_altar
Temple:   dpeg_chambers_temple

Skill      XL: |  1  2  3  4  5  6  7  8  9 10 |
---------------+-------------------------------+-----
Dodging        | 1 2 3 |  3.2
Axes           | 3 4 6 7 8 10 11 14 | 14.0
Invocations    | 2 4 6 8 |  8.1
Evocations     | 2 4 6 8 |  8.1
Fighting       | |  2.6
Armour         | |  3.2
Shields        | |  3.2

Action                   |  1- 3 |  4- 6 |  7- 9 | 10-12 || total
-------------------------+-------+-------+-------+-------++-------
Melee: War axe           |   158 |   240 |   540 |   129 ||  1067
Throw: Dart              |       |       |     4 |       ||     4
Invok: Minor Destruction |       |       |       |    77 ||    77
 Abil: Heal Wounds       |       |     4 |     1 |       ||     5
       Evoke Berserk Rag |       |       |     1 |       ||     1
Evoke: Wand              |       |       |     1 |     2 ||     3
  Use: Potion            |     2 |     2 |     2 |     4 ||    10
       Scroll            |       |     4 |     5 |       ||     9
  Eat: Chunk             |     3 |     7 |     9 |     6 ||    25
       Ration            |       |       |     2 |       ||     2
Armor: Scale mail        |     8 |       |       |       ||     8
       Chain mail        |    26 |       |       |       ||    26
       Plate armour      |    31 |   119 |   220 |    55 ||   425
Dodge: Dodged            |     7 |    20 |    53 |    15 ||    95
Block: Tower shield      |   129 |   183 |   404 |   120 ||   836
       Kite shield       |     6 |       |       |       ||     6

Table legend:
 A = Non-vault XP
 B = Vault XP
 C = Vault XP percentage of total XP
 D = Non-vault monster count
 E = Vault monster count
 F = Vault count percentage of total count
                 A         B        C        D         E       F
            +---------+---------+-------+---------+---------+-------
      Total |    5654 |    3442 |  37.8 |     227 |      43 |  15.9
            +---------+---------+-------+---------+---------+-------
        D:1 |      45 |       0 |   0.0 |      23 |       0 |   0.0
        D:2 |      29 |       0 |   0.0 |      13 |       0 |   0.0
        D:3 |     182 |       0 |   0.0 |      31 |       0 |   0.0
        D:4 |     393 |     195 |  33.2 |      29 |       4 |  12.1
        D:5 |     545 |       0 |   0.0 |      21 |       0 |   0.0
        D:6 |     798 |     874 |  52.3 |      26 |      27 |  50.9
        D:7 |    1807 |     224 |  11.0 |      43 |       1 |   2.3
        D:8 |    1606 |    2149 |  57.2 |      33 |      11 |  25.0
        D:9 |     249 |       0 |   0.0 |       8 |       0 |   0.0
            +---------+---------+-------+---------+---------+-------
